 Dungeon Crawl Stone Soup version 0.31.0-4-g52a2dc7128 (webtiles) character file.

Game seed: 18011714891852642163

74712 theswoord the Cruncher (level 15, -2/122 HPs)
             Began as a Demonspawn Gladiator on Jan 23, 2024.
             Was a High Priest of Okawaru.
             Killed by divine providence
             ... invoked by Saint Roka
              (11 damage)
             ... on level 2 of the Orcish Mines.
             The game lasted 00:54:30 (20488 turns).

theswoord the Cruncher (Demonspawn Gladiator)      Turns: 20488, Time: 00:54:31

Health: -2/122     AC: 36    Str: 20    XL:     15   Next: 7%
Magic:  17/23      EV: 19    Int:  7    God:    Okawaru [*****.]
Gold:   2023       SH:  9    Dex: 16    Spells: 14/14 levels left

rFire   + + +        N - +2 lajatang (spect)
rCold   + + +        (shield currently unavailable)
rNeg    + + .        B - +2 plate armour {rF+}
rPois   +            (helmet restricted)
rElec   +            C - scarf {rC+ rF+}
rCorr   .            s - +0 pair of gloves
SInv    .            O - +2 pair of boots "Huacsef" {rPois rF+ rC+}
Will    ++...        P - amulet of Hospitality {Reflect rElec rN++ Str+2 Int-4 SH+5} Stlth
                     K - ring of Xorutzen {Will+ AC+4}
HPRegen 0.40/turn    d - ring "Ryhypnush" {rC+ EV+5 Slay+3}
MPRegen 0.18/turn

%: reflection
@: heroic, finesse-ful, hasted, very quick
A: horns 1, thin metallic scales 3, icemail 1, condensation shield, demonic
magic 2
a: Renounce Religion, Heroism, Finesse, Duel


You were on level 2 of the Orcish Mines.
You worshipped Okawaru.
Okawaru was extremely pleased with you.
You visited 3 branches of the dungeon, and saw 19 of its levels.
You also visited: Ossuary, Gauntlet and Volcano.

You collected 3164 gold pieces.
You spent 1141 gold pieces at shops.

Inventory:

Hand Weapons
 q - a +4 quarterstaff of chaos
 N - a +2 spectral lajatang (weapon)
Missiles
 j - 12 javelins
 D - a silver javelin
Armour
 i - a +1 cloak
 l - a +0 chain mail
 n - the +3 pair of seven-league boots {Rampage+∞}
   (You found it on level 5 of the Lair of Beasts)

   Rampage+∞: When moving toward enemies, its wearer moves as far as possible,
   alerting their target en route.
 s - a +0 pair of gloves (worn)
 B - a +2 plate armour of fire resistance (worn)
 C - a scarf of resistance (worn)
 O - the +2 pair of boots "Huacsef" (worn) {rPois rF+ rC+}
   (Okawaru gifted it to you on level 1 of the Lair of Beasts)

   rF+:       It protects you from fire.
   rC+:       It protects you from cold.
   rPois:     It protects you from poison
Jewellery
 d - the ring "Ryhypnush" (right hand) {rC+ EV+5 Slay+3}
   (You bought it in a shop on level 10 of the Dungeon)

   [ring of evasion]

   EV+5:      It affects your evasion (+5).
   Slay+3:    It affects your accuracy & damage with ranged weapons and melee
   (+3).
   rC+:       It protects you from cold.
 r - the ring "Totzohye" {rF+ rC- rN+++}
   (You found it in a Gauntlet)

   [ring of protection from fire]

   rF+:       It protects you from fire.
   rC-:       It makes you vulnerable to cold.
   rN+++:     It renders you almost immune to negative energy.
 y - a ring of magical power
 G - the ring "Xeppauth" {rF- rC+++ rN+ rCorr Str+3}
   (You took it off a minotaur in a Gauntlet)

   [ring of resist corrosion]

   Str+3:     It affects your strength (+3).
   rF-:       It makes you vulnerable to fire.
   rC+++:     It renders you almost immune to cold.
   rN+:       It protects you from negative energy.
   rCorr:     It protects you from acid and corrosion.
 K - the ring of Xorutzen (left hand) {Will+ AC+4}
   (You found it on level 10 of the Dungeon)

   [ring of protection]

   AC+4:      It affects your AC (+4).
   Will+:     It increases your willpower.
 P - the amulet of Hospitality (around neck) {Reflect rElec rN++ Str+2 Int-4 SH+5}
   (You found it in a Gauntlet)

   [amulet of reflection]

   Reflect:   It reflects blocked missile attacks.
   Str+2:     It affects your strength (+2).
   Int-4:     It affects your intelligence (-4).
   rElec:     It insulates you from electricity.
   rN++:      It greatly protects you from negative energy.
   SH+5:      It affects your SH (+5).
Wands
 u - a wand of acid (5)
 x - a wand of iceblast (12)
Scrolls
 c - 3 scrolls of fog
 f - a scroll of teleportation
 h - 4 scrolls of poison
 t - 8 scrolls of identify
 A - a scroll of immolation
 E - a scroll of brand weapon {unknown}
 H - a scroll of blinking
 J - a scroll of vulnerability
 R - 2 scrolls of revelation
Potions
 a - a potion of haste
 b - 2 potions of invisibility
 e - 2 potions of ambrosia
 g - 4 potions of brilliance
 k - 5 potions of curing
 m - 2 potions of enlightenment
 o - a potion of heal wounds
 p - 4 potions of magic
 v - 4 potions of cancellation
 w - 5 potions of mutation
 z - 3 potions of attraction
 F - a potion of berserk rage
 I - 3 potions of resistance
 L - 2 potions of lignification


   Skills:
 + Level 12.7(17.7) Fighting
 - Level 14.0(19.0) Staves
 - Level 1.7(6.7) Throwing
 + Level 11.3(16.3) Armour
 + Level 11.7(16.7) Dodging
 + Level 11.2 Invocations


You had 14 spell levels left.
You didn't know any spells.
Your spell library was empty.

Dungeon Overview and Level Annotations

Branches:
Dungeon (12/15)            Temple (0/1) D:4            Lair (5/5) D:10
  Swamp (0/4) Lair:2       Spider (0/4) Lair:2        Slime (0/5) Lair:4
    Orc (2/2) D:12            Elf (0/3) Orc:2       Ossuary (visited)
Volcano (visited)         Gauntlet (visited)

Altars:
Dithmenos
Gozag
Hepliaklqana
Kikubaaqudgha
Makhleb
Nemelex Xobeh
Okawaru
Uskayaw
Vehumet

Shops:
D:6 *?[*   D:10 *   Orc:2 **

Portals:
Hell: Lair:5

Annotations:
Orc:2 3 runed translucent doors, Saint Roka; TobyConnect's ghost, journeyman TrCK


Innate Abilities, Weirdness & Mutations

You have a pair of small horns on your head.
You are completely covered in thin metallic scales. (AC +4, rElec)
A meltable icy envelope protects you from harm. (AC +4)
A meltable shield of frost defends you. (SH +4)
Spells you cast may paralyse nearby enemies.


Message History

Saint Roka is heavily wounded.
Your +2 spectral lajatang completely misses Saint Roka.
You hit Saint Roka but do no damage.
Saint Roka is heavily wounded.
Your +2 spectral lajatang hits Saint Roka but does no damage.
Saint Roka hits you with a +0 battleaxe.
* * * LOW HITPOINT WARNING * * *
Saint Roka barely misses your +2 spectral lajatang.
You hit Saint Roka but do no damage.
You headbutt Saint Roka, but do no damage.
Saint Roka is heavily wounded.
Your +2 spectral lajatang hits Saint Roka but does no damage.
You closely miss Saint Roka. Your headbutt misses Saint Roka.
Saint Roka is heavily wounded.
Your +2 spectral lajatang hits Saint Roka!
You slice Saint Roka!!
Saint Roka is heavily wounded.
Your +2 spectral lajatang hits Saint Roka!!!
Saint Roka calls out, "Only Beogh rules here!"
Saint Roka hits your +2 spectral lajatang with a +0 battleaxe!!!
Your spectral weapon shares its damage with you!
Your +2 spectral lajatang disappears.
You block Saint Roka's attack.
* * * LOW HITPOINT WARNING * * *
Okay, then.
Okay, then.
You feel much better.
Saint Roka hits you with a +0 battleaxe!!
* * * LOW HITPOINT WARNING * * *
You feel much better.
Blink to where?
Press: ? - help, Dir - move target
As you read the scroll of blinking, it crumbles to dust.
Saint Roka calls down the wrath of Beogh upon you.
Beogh smites you!
* * * LOW HITPOINT WARNING * * *
Saint Roka calls down the wrath of Beogh upon you.
Beogh smites you!
You die...
Saint Roka roars, "Praise to Beogh!"

..#.........#####.....#.## ##...
.#...#####.###...........# #....
.....#♣∩♣#.##...........#####....
...........#....<........#.......
...........#.....................
..................##...<.........
.....#♣∩♣#......#..#..#..........
...#.#####....[.####.#...........
..)######.....)[@)...............
...[.........o§)[[...#.........##
..)>[[..).)).....................
......[...[).....................
..........[[#.............###....
..........####............# #....
.#........# ###.#.....#.## ##...
.........## ####.#..### #...
.#.)..#### #.....# ####..


You could see Saint Roka.

Vanquished Creatures
  Azrael (D:12)
  A minotaur (Gauntlet)
  A fire dragon (Volcano)
  6 hydras
  A hell beast (Lair:5)
  A centaur warrior (Orc:2)
  4 boulder beetles
  A two-headed ogre (D:10)
  An occultist (Lair:5)
  A hell hog (Gauntlet)
  The ghost of Netaeli the Spriggan Cataclysm, a journeyman SpAl of Qazlal (D:12)
  4 skeletal warriors (D:11)
  A fire crab (Gauntlet)
  3 skysharks
  Amaemon (Lair:2)
  2 goliath frogs
  Pikel (D:8)
  3 lindwurms (Volcano)
  4 orc knights
  A deep elf pyromancer (D:12)
  3 ugly things
  2 cyclopes
  5 elephants
  A guardian serpent (Lair:5)
  5 kobold blastminers (Orc:2)
  3 black mambas
  An ice statue (D:10)
  2 orange demons
  16 cane toads
  4 smoke demons (Volcano)
  2 kobold demonologists (D:12)
  7 rime drakes
  2 unseen horrors (D:10)
  Psyche (D:10)
  9 komodo dragons
  2 ice devils (Lair:5)
  2 red devils (Lair:5)
  A hellwing (Lair:5)
  A troll (Orc:2)
  3 polar bears
  3 hornets
  23 blink frogs
  A dream sheep (Lair:5)
  5 slime creatures (D:12)
  A culicivora (Lair:2)
  2 shadows
  A jumping spider (Lair:2)
  56 yaks
  10 wyverns
  3 fire elementals (D:12)
  7 fire bats (Gauntlet)
  3 wargs
  2 spriggans (D:12)
  2 redbacks (Lair:2)
  4 basilisks
  4 steam dragons
  9 vampire mosquitoes
  3 acid dragons
  12 water moccasins
  12 hell hounds
  31 orc warriors
  2 black bears
  4 ogres (Orc:2)
  10 centaurs
  11 wolves (Lair:2)
  2 phantoms
  2 elf zombies (Ossuary)
  5 kobold brigands
  9 bullfrogs
  2 scorpions
  A gnoll sergeant (D:9)
  11 wights
  9 killer bees
  10 howler monkeys
  An electric eel (Lair:4)
  3 centaur zombies (Ossuary)
  A jelly (D:7)
  13 orc priests
  A gnoll bouda (D:7)
  4 hounds
  4 human zombies (Ossuary)
  3 iguanas
  Crazy Yiuf (D:4)
  Terence (D:1)
  30 orc wizards
  6 hound zombies (Ossuary)
  2 mummies (Ossuary)
  Robin (D:1)
  12 gnolls
  4 adders
  3 white imps
  4 adder zombies (Ossuary)
  2 dart slugs
  A ribbon worm (D:3)
  76 orcs
  2 bats
  8 endoplasms
  5 giant cockroaches
  15 goblins
  12 hobgoblins
  14 kobolds
  10 quokkas
  8 ball pythons
  2 frilled lizards
  5 gnoll zombies (Ossuary)
  6 jackal zombies (Ossuary)
  A kobold zombie (Ossuary)
  7 orc zombies (Ossuary)
  6 rats
657 creatures vanquished.

Vanquished Creatures (others)
  A spriggan (D:12)
  A yak (D:10)
  8 spectral weapons
10 creatures vanquished.

Grand Total: 667 creatures vanquished

Notes
Turn   | Place    | Note
-------+----------+-------------------------------------------
     0 | D:1      | theswoord the Demonspawn Gladiator began the quest for the
                  | Orb.
     0 | D:1      | Reached XP level 1. HP: 16/16 MP: 1/1
    94 | D:1      | Reached skill level 3 in Staves
   164 | D:1      | Gained mutation: A meltable shield of frost defends you.
                  | (SH +4) [demonic ancestry]
   164 | D:1      | Reached XP level 2. HP: 20/22 MP: 2/2
   719 | D:2      | Noticed Terence
   719 | D:2      | Noticed Robin
   748 | D:1      | Killed Robin
   749 | D:1      | Reached skill level 4 in Staves
   749 | D:1      | Gained mutation: You are partially covered in thin metallic
                  | scales. (AC +2) [demonic ancestry]
   749 | D:1      | Reached XP level 3. HP: 5/27 MP: 3/3
   895 | D:1      | Killed Terence
   896 | D:1      | Gained mutation: You have a pair of small horns on your
                  | head. [demonic ancestry]
   896 | D:1      | Reached XP level 4. HP: 19/33 MP: 4/4
  1161 | D:2      | Found a faded altar of an unknown god.
  1202 | D:2      | Prayed at the altar of an unknown god.
  1202 | D:2      | Became a worshipper of Warmaster Okawaru
  1202 | D:2      | Reached * piety under Okawaru
  1621 | D:3      | Reached skill level 5 in Staves
  1817 | D:3      | Reached XP level 5. HP: 38/38 MP: 5/5
  2162 | D:4      | Found a sparkling altar of Nemelex Xobeh.
  2162 | D:4      | Found a hazy altar of Hepliaklqana.
  2289 | D:4      | Found a staircase to the Ecumenical Temple.
  2297 | D:4      | Reached skill level 6 in Staves
  2333 | D:4      | Found a runed translucent door.
  2334 | D:4      | Noticed Crazy Yiuf
  2422 | D:4      | Killed Crazy Yiuf
  2423 | D:4      | Reached XP level 6. HP: 44/44 MP: 6/6
  2616 | D:4      | Found a radiant altar of Vehumet.
  2701 | D:4      | Found a hide-covered altar of Uskayaw.
  2747 | D:5      | Entered Level 5 of the Dungeon
  2773 | D:5      | Reached skill level 7 in Staves
  2837 | D:5      | Noticed a water moccasin
  2888 | D:5      | Killed a water moccasin
  2889 | D:5      | Reached XP level 7. HP: 39/50 MP: 4/7
  3035 | D:5      | Reached skill level 8 in Staves
  3130 | D:5      | Found the +5 robe of Night {Dark Will+ SInv}
  3459 | D:5      | Reached ** piety under Okawaru
  3559 | D:6      | Found Zaits's Assorted Antiques.
  3664 | D:6      | Bought a scroll labelled QUESAMO ER OXISUKH for 27 gold
                  | pieces
  3680 | D:6      | Found Quereh's Armour Emporium.
  3728 | D:6      | Found Nopo's Assorted Antiques.
  3740 | D:6      | Bought a triangular beryl amulet for 155 gold pieces
  3903 | D:6      | Found Enkeeplytzi's Magic Scroll Shop.
  3911 | D:6      | Bought a scroll of identify for 26 gold pieces
  3911 | D:6      | Bought a scroll of identify for 26 gold pieces
  4146 | D:7      | Reached skill level 9 in Staves
  4146 | D:7      | Gained mutation: You are mostly covered in thin metallic
                  | scales. (AC +3) [demonic ancestry]
  4146 | D:7      | Reached XP level 8. HP: 38/56 MP: 8/8
  4245 | D:7      | Found a sand-covered staircase.
  4255 | Ossuary  | Entered an ossuary
  4460 | Ossuary  | Reached *** piety under Okawaru
  4461 | Ossuary  | Reached skill level 10 in Staves
  4990 | D:7      | Reached skill level 11 in Staves
  5006 | D:7      | Reached **** piety under Okawaru
  5007 | D:7      | Reached XP level 9. HP: 52/61 MP: 9/9
  5110 | D:7      | Found an ancient bone altar of Kikubaaqudgha.
  5805 | D:8      | Reached skill level 12 in Staves
  5872 | D:8      | Noticed Pikel
  5879 | D:8      | Killed Pikel
  6169 | D:8      | Reached ***** piety under Okawaru
  6548 | D:9      | Gained mutation: Spells you cast may paralyse adjacent
                  | enemies. [demonic ancestry]
  6548 | D:9      | Reached XP level 10. HP: 58/73 MP: 10/10
  7053 | D:9      | Reached skill level 5 in Fighting
  7053 | D:9      | Reached skill level 5 in Dodging
  7242 | D:9      | Received a gift from Okawaru
  7526 | D:10     | Entered Level 10 of the Dungeon
  7540 | D:10     | Noticed an ice statue
  7548 | D:10     | Found a staircase to the Lair.
  7548 | D:10     | Noticed Psyche
  7588 | D:10     | Killed Psyche
  7646 | D:10     | Reached skill level 5 in Armour
  7653 | D:10     | Noticed a cyan ugly thing
  7665 | D:10     | Killed a cyan ugly thing
  7797 | D:10     | Received a gift from Okawaru
  7921 | D:10     | Reached XP level 11. HP: 36/83 MP: 11/11
  8171 | D:10     | Found an iron altar of Okawaru.
  8319 | D:10     | Noticed a two-headed ogre
  8329 | D:10     | Killed a two-headed ogre
  8552 | D:10     | Found Dudiss's Assorted Antiques.
  8556 | D:10     | Bought a heavily runed bone ring for 115 gold pieces
  8556 | D:10     | Identified the ring "Ryhypnush" {rC+ EV+5 Slay+3} (You
                  | bought it in a shop on level 10 of the Dungeon)
  8597 | D:10     | Found a shadowy altar of Dithmenos.
  8720 | D:10     | Received a gift from Okawaru
  8729 | D:10     | Identified the ring of Xorutzen {Will+ AC+4}
  9160 | D:11     | Noticed a boulder beetle
  9185 | D:11     | a boulder beetle changed into a goliath frog
  9185 | D:11     | Noticed a goliath frog
  9186 | D:11     | Killed a goliath frog
  9376 | D:11     | Noticed a skeletal warrior
  9376 | D:11     | Noticed a skeletal warrior
  9378 | D:11     | Noticed a skeletal warrior
  9380 | D:11     | Noticed a skeletal warrior
  9389 | D:11     | Killed a skeletal warrior
  9389 | D:11     | Received a gift from Okawaru
  9400 | D:11     | Killed a skeletal warrior
  9407 | D:11     | Killed a skeletal warrior
  9414 | D:11     | Killed a skeletal warrior
  9731 | D:11     | Noticed an orc knight
  9772 | D:11     | Killed an orc knight
  9772 | D:11     | Reached ****** piety under Okawaru
 10078 | D:11     | Found an opulent altar of Gozag.
 10203 | Lair:1   | Entered Level 1 of the Lair of Beasts
 10224 | Lair:1   | Acquired a +2 spectral lajatang
 10224 | Lair:1   | Received a gift from Okawaru
 10231 | Lair:1   | Received a gift from Okawaru
 10364 | Lair:1   | Gained mutation: A meltable icy envelope protects you from
                  | harm. (AC +4) [demonic ancestry]
 10364 | Lair:1   | Reached XP level 12. HP: 95/95 MP: 12/12
 10365 | Lair:1   | Acquired the +2 pair of boots "Huacsef" {rPois rF+ rC+}
 10365 | Lair:1   | Received a gift from Okawaru
 10454 | Lair:1   | Reached skill level 1 in Invocations
 11162 | Lair:2   | Found a dark tunnel.
 11171 | Lair:2   | Received a gift from Okawaru
 11190 | Volcano  | Entered a volcano
 11470 | Volcano  | Noticed a fire dragon
 11480 | Volcano  | Killed a fire dragon
 11661 | Lair:2   | Noticed Amaemon
 11672 | Lair:2   | Killed Amaemon
 11672 | Lair:2   | Received a gift from Okawaru
 11673 | Lair:2   | Reached skill level 13 in Staves
 11677 | Lair:2   | Reached skill level 10 in Fighting
 11815 | Lair:2   | Reached skill level 5 in Invocations
 11830 | Lair:2   | Gained mutation: You are completely covered in thin
                  | metallic scales. (AC +4, rElec) [demonic ancestry]
 11830 | Lair:2   | Reached XP level 13. HP: 69/103 MP: 16/16
 11997 | Lair:2   | Received a gift from Okawaru
 12054 | Lair:2   | Found a staircase to the Swamp.
 12227 | Lair:2   | Found a hole to the Spider Nest.
 12484 | Lair:3   | Identified a scroll of acquirement
 12484 | Lair:3   | Acquired 914 gold pieces
 12712 | Lair:3   | Received a gift from Okawaru
 12779 | Lair:3   | You fall into a shaft and drop 1 floor!
 13726 | Lair:3   | Reached skill level 14 in Staves
 13856 | Lair:4   | Received a gift from Okawaru
 13857 | Lair:4   | Reached skill level 10 in Dodging
 14019 | Lair:4   | Found a staircase to the Slime Pits.
 14413 | Lair:4   | Received a gift from Okawaru
 14909 | Lair:5   | Entered Level 5 of the Lair of Beasts
 14953 | Lair:5   | Found a gate leading to a gauntlet.
 14963 | Gauntlet | Entered a Gauntlet
 14963 | Gauntlet | Found a transporter.
 14965 | Gauntlet | Found a runed translucent gate.
 14966 | Gauntlet | Found a transporter.
 14966 | Gauntlet | Found a runed translucent gate.
 14971 | Gauntlet | Found a runed translucent gate.
 14978 | Gauntlet | Found a transporter.
 14982 | Gauntlet | Found a transporter.
 14992 | Gauntlet | Found a transporter.
 15012 | Gauntlet | Found a transporter.
 15025 | Gauntlet | Found a transporter.
 15045 | Gauntlet | Found a transporter.
 15049 | Gauntlet | Found a transporter.
 15057 | Gauntlet | Found a transporter.
 15079 | Gauntlet | Found a transporter.
 15083 | Gauntlet | Found a transporter.
 15155 | Gauntlet | Reached skill level 10 in Armour
 15160 | Gauntlet | Reached XP level 14. HP: 96/113 MP: 20/20
 15192 | Gauntlet | Identified the ring "Totzohye" {rF+ rC- rN+++}
 15384 | Gauntlet | Identified the amulet of Hospitality {Reflect rElec rN++
                  | Str+2 Int-4 SH+5}
 15404 | Gauntlet | Identified the ring "Xeppauth" {rF- rC+++ rN+ rCorr Str+3}
 16200 | Lair:5   | Received a gift from Okawaru
 16256 | Lair:5   | Found a burning altar of Makhleb.
 17125 | Lair:5   | Found the +3 pair of seven-league boots {Rampage+∞}
 17211 | Lair:5   | Found a gateway to Hell.
 17486 | D:6      | Bought a +2 plate armour of fire resistance for 440 gold
                  | pieces
 17486 | D:6      | Bought a scarf of resistance for 352 gold pieces
 17691 | D:12     | Received a gift from Okawaru
 17720 | D:12     | Reached skill level 10 in Invocations
 17997 | D:12     | Noticed Azrael
 18045 | D:12     | Killed Azrael
 18092 | D:12     | Found a runed translucent door.
 18095 | D:12     | Identified the +5 trident "Qozawios" {freeze, Stlth+}
 18095 | D:12     | Noticed Netaeli's ghost (journeyman SpAl)
 18487 | D:12     | Found a staircase to the Orcish Mines.
 18773 | D:12     | Killed Netaeli's ghost
 18925 | Orc:1    | Entered Level 1 of the Orcish Mines
 19016 | Orc:1    | Received a gift from Okawaru
 19447 | Orc:2    | Entered Level 2 of the Orcish Mines
 19447 | Orc:2    | Noticed TobyConnect's ghost (journeyman TrCK)
 19447 | Orc:2    | Found a runed translucent gate.
 19447 | Orc:2    | Found a runed translucent gate.
 19447 | Orc:2    | Found a runed translucent gate.
 19456 | Orc:2    | Identified the +0 plate armour of the Ecumenical Temple
                  | {rF++ rCorr Int-4}
 19580 | Orc:2    | Found a staircase to the Elven Halls.
 19585 | Orc:2    | Found Fyuk's Specific Store.
 19832 | Orc:2    | Found Reoled's General Store.
 20211 | Orc:2    | Gained mutation: Spells you cast may paralyse nearby
                  | enemies. [demonic ancestry]
 20211 | Orc:2    | Reached XP level 15. HP: 110/122 MP: 23/23
 20333 | Orc:2    | Noticed Saint Roka
 20488 | Orc:2    | Killed from afar by Saint Roka

Skill      XL: |  1  2  3  4  5  6  7  8  9 10 11 12 13 14 |
---------------+-------------------------------------------+-----
Staves         | 3 4 5 6 7 9 11 12 13 14 | 14.0
Fighting       | 4 6 9 10 11 12 | 12.7
Armour         | 3 5 7 8 10 11 | 11.3
Dodging        | 4 6 8 9 10 11 | 11.7
Invocations    | 5 8 11 | 11.2
Throwing       | |  1.7

Action                     |  1- 3 |  4- 6 |  7- 9 | 10-12 | 13-15 || total
---------------------------+-------+-------+-------+-------+-------++-------
  Melee: Quarterstaff      |    93 |   163 |   374 |   386 |    48 ||  1064
         Headbutt          |       |    25 |    62 |   126 |   203 ||   416
         Lajatang          |       |       |       |   169 |   716 ||   885
  Throw: Throwing net      |     2 |     1 |     1 |     3 |       ||     7
 Invoke: Heroism           |       |     1 |     1 |     2 |     1 ||     5
         Receive Weapon    |       |       |       |     1 |       ||     1
         Receive Armour    |       |       |       |     1 |       ||     1
         Finesse           |       |       |       |       |     1 ||     1
  Evoke: Wand              |       |       |       |     9 |       ||     9
    Use: Scroll            |       |     9 |    14 |     5 |    14 ||    42
         Potion            |       |       |     4 |     5 |     4 ||    13
   Stab: Sleeping          |     1 |       |       |       |       ||     1
         Held in net/web   |       |     1 |       |       |       ||     1
         Paralysed         |       |       |     2 |     2 |       ||     4
         Confused          |       |       |       |     2 |       ||     2
         Distracted        |       |       |       |     2 |     5 ||     7
 Armour: Leather armour    |    13 |       |       |       |       ||    13
         Chain mail        |    75 |    96 |   267 |   359 |   297 ||  1094
         Plate armour      |       |       |       |       |   207 ||   207
  Dodge: Dodged            |    58 |    58 |   108 |   219 |   478 ||   921
  Block: Other             |    23 |    29 |    48 |    50 |   169 ||   319
         Reflection        |       |       |       |       |    37 ||    37

Levels and vault maps discovered:
D:1:      dpeg_arrival_erosion, layout_basic, minmay_tree_intersection
D:2:      layout_loops_ring, chequers_ecumenical_altar_island, uniq_terence,
          uniq_robin
D:3:      layout_basic, hex_intersection
D:4:      layout_rooms, lemuel_tele_altar, vehumet_altar_wand_db,
          chequers_temple_overflow_statue_of_worship, minmay_temple_entry_hall,
          uniq_crazy_yiuf_cottage
D:5:      layout_basic
D:6:      layout_rooms, serial_shops, shop, shop, nicolae_stop_n_shop_1, shop
D:7:      layout_basic, kiku_gazebo_pond_becter,
          mainiacjoe_ossuary_entry_dusty_tomb
D:8:      layout_loops_ring, uniq_pikel
D:9:      nicolae_cairo_tiling_large, layout_gridville
D:10:     layout_roguey, mainiacjoe_overflow_alcove_2,
          mainiacjoe_overflow_divided_tiny, lair_entry_dummy, serial_shops,
          nicolae_shop_back_alley_shop, minivault_15,
          serial_library_hellmonk_hallway_a, minmay_circle_x, uniq_psyche
D:11:     layout_roguey, hangedman_decor_growths, grunt_gozag_statues
D:12:     layout_roguey, minmay_orc_entry_temple_small,
          ebering_ghost_funeral_grove, uniq_azrael
Lair:1:   layout_regular_city
Lair:2:   layout_cave_shapes, mainiacjoe_swamp_entry_lozenge_pond,
          nicolae_spider_entry_tight_spaces, nicolae_volcano_entry_lava_flow,
          ldierk_geyser, uniq_amaemon
Lair:3:   layout_regular_city
Lair:4:   statuecave_lemuel, layout_cave_pods, dpeg_slime_entry_corner,
          beast_lair_carwin_8
Lair:5:   evil_forest, layout_hall_layers, gauntlet_entry_generic,
          hangedman_lair_unloving_vines,
          hellmonk_guarded_unrand_seven_league_boots, lemuel_fruit_tree
Orc:1:    layout_caves, mines2_lemuel
Orc:2:    st_orc_rangers, layout_diamond_mine, biasface_ghost_orc_armoury,
          nicolae_specific_store, nicolae_orc_tapped_out, uniq_saint_roka
